 Dungeon Crawl Stone Soup version 0.32-a0-119-g2e8054a333 (webtiles) character file.

Game seed: 10983006089439006209

3073 Gorgor the Protected (level 9, -4/81 (82) HPs)
             Began as a Minotaur Fighter on Feb 7, 2024.
             Slain by a +8 hand axe of Vibufunurr {spect, +Blink Fly Stlth+} (12 damage)
             ... created by a wight
             ... on level 7 of the Dungeon.
             The game lasted 00:16:10 (6601 turns).

Gorgor the Protected (Minotaur Fighter)             Turns: 6601, Time: 00:16:11

HP:   -4/81 (82)    AC: 14    Str: 24    XL:     9   Next: 58%
MP:   8/8           EV:  7    Int:  5    God:
Gold: 382           SH:  7    Dex: 11    Spells: 8/8 levels left

rFire   . . .        B - +8 flail of Ynag {vamp, Will+}
rCold   + . .        c - +1 buckler
rNeg    . . .        C - +0 plate armour
rPois   +            (helmet restricted)
rElec   .            (no cloak)
rCorr   .            (no gloves)
SInv    .            (no boots)
Will    +....        (no amulet) Stlth
                     l - ring of poison resistance
HPRegen 0.33/turn    o - ring of protection from cold
MPRegen 0.11/turn

%: no passive effects
@: lightly drained
A: horns 2, retaliatory headbutt
a: no special abilities


You were on level 7 of the Dungeon.
You visited 1 branch of the dungeon, and saw 7 of its levels.

You collected 382 gold pieces.

Inventory:

Hand Weapons
 a - a +0 war axe
 B - the +8 flail of Ynag (weapon) {vamp, Will+}
   (You found it on level 6 of the Dungeon)

   Will+:     It increases your willpower.
Armour
 c - a +1 buckler (worn)
 u - +0 ice dragon scales
 C - a +0 plate armour (worn)
Jewellery
 l - a ring of poison resistance (left hand)
 o - a ring of protection from cold (right hand)
 p - a +6 ring of strength
Wands
 m - a wand of polymorph (3)
 D - a wand of flame (22)
Scrolls
 b - 2 scrolls of identify
 g - 3 scrolls of teleportation
 j - a scroll of revelation
 k - a scroll of brand weapon {unknown}
 n - 2 scrolls of fear
 r - a scroll of fog
 s - a scroll of immolation {unknown}
 t - a scroll of poison {unknown}
 y - a scroll of torment {unknown}
Potions
 d - 2 potions of might
 e - a potion of berserk rage
 f - 5 potions of curing
 h - a potion of haste {unknown}
 i - a potion of attraction {unknown}
 q - 2 potions of enlightenment {unknown}
 v - 2 potions of degeneration
 w - 3 potions of mutation
 x - a potion of brilliance {unknown}
 z - a potion of invisibility {unknown}
 A - 2 potions of ambrosia {unknown}


   Skills:
 + Level 8.8 Fighting
 + Level 8.4 Axes
 + Level 9.0 Armour
 + Level 8.8 Shields


You had 8 spell levels left.
You didn't know any spells.
Your spell library contained the following spells:

 Spells                   Type           Power      Damage    Failure   Level
 Apportation              Tloc           0%         N/A       100%        1
 Necrotise                Necr           0%         1d4       100%        1
 Shock                    Conj/Air       0%         1d3       100%        1
 Sting                    Conj/Alch      0%         1d3       100%        1
 Summon Small Mammal      Summ           0%         N/A       100%        1
 Stone Arrow              Conj/Erth      0%         3d7       100%        3
 Swiftness                Air            0%         N/A       100%        3
 Airstrike                Air            0%         2d(0-16)  100%        4
 Animate Armour           Summ/Erth      0%         N/A       100%        4
 Lehudib's Crystal Spear  Conj/Erth      0%         10d2      100%        8


Dungeon Overview and Level Annotations

Branches:
Dungeon (7/15)
 Temple: D:4-7

Altars:
Cheibriados
Dithmenos
Elyvilon
Kikubaaqudgha
Nemelex Xobeh
Okawaru
Qazlal
Sif Muna
Wu Jian
Zin
The Shining One


Innate Abilities, Weirdness & Mutations

You have a pair of horns on your head.
You reflexively headbutt those who attack you in melee.


Message History

You are too injured to fight recklessly!
The shadow imp gestures at you. Pain shoots through your body!
You hit the shadow.
The shadow is lightly damaged.
The shadow hits you. You block the shadow's attack.
You hit the shadow. You headbutt the shadow!
The shadow is severely damaged.
The shadow hits you.
You sock the shadow!
You destroy the shadow!
The yak barely misses you. You furiously retaliate!
You headbutt the yak.
You kill the yak!
Your Armour skill increases to level 9!
The shadow imp gestures at you.
You easily resist.
You sock the shadow imp!
You kill the shadow imp!
A wight is nearby!
A wight comes into view.
It is wielding a +3 falchion and carrying a wand of paralysis.
The wight zaps a wand.
You resist with almost no effort.
You closely miss the wight. You headbutt the wight.
The wight is moderately damaged.
The wight hits you with the +8 hand axe of Vibufunurr {spect, +Blink Fly Stlth+}.
The +8 hand axe of Vibufunurr {spect, +Blink Fly Stlth+} hits you!
A +8 hand axe of Vibufunurr {spect, +Blink Fly Stlth+} comes into view.
You hit the wight but do no damage.
The wight is moderately damaged.
The wight hits you with the +8 hand axe of Vibufunurr {spect, +Blink Fly Stlth+}!
* * * LOW HITPOINT WARNING * * *
The +8 hand axe of Vibufunurr {spect, +Blink Fly Stlth+} hits you!
* * * LOW HITPOINT WARNING * * *
The +8 hand axe of Vibufunurr {spect, +Blink Fly Stlth+} disappears.
The wight zaps a wand.
You resist with almost no effort. The wight attacks as it pursues you!
The wight hits you with the +8 hand axe of Vibufunurr {spect, +Blink Fly Stlth+}.
* * * LOW HITPOINT WARNING * * *
You feel drained.
The +8 hand axe of Vibufunurr {spect, +Blink Fly Stlth+} hits you!
You die...

##..#..##..................
##........##....#...#...#..
#..............#z#...#.#...
#...#####.#...#...#...#...#
....#####...........†......
................#...#...#..
....########...#(#...#.#...
....# #..#z..#...#...#
....# ##..(@..........
....# ##..<.######### ....#
#....# ....# ###### ....#
>...#


You could see a +8 hand axe of Vibufunurr {spect, +Blink Fly Stlth+} (wandering)
and a wight.

Vanquished Creatures
  A shadow (D:7)
  2 yaks (D:7)
  The ghost of Flippered the Caller, an amateur DESu (D:3)
  Duvessa (D:6)
  An ice beast (D:5)
  2 orc warriors
  2 sky beasts
  2 black bears
  An ogre (D:6)
  2 bullfrogs
  4 scorpions
  A wight (D:7)
  6 killer bees (D:7)
  Dowan (D:6)
  8 bombardier beetles
  3 jellies
  4 hounds
  4 orc priests
  A sleepcap (D:5)
  3 iguanas
  3 orc wizards (D:7)
  3 adders
  3 shadow imps
  A white imp (D:7)
  3 ribbon worms
  6 dart slugs
  19 orcs
  6 bats
  15 endoplasms
  14 giant cockroaches
  9 goblins
  8 hobgoblins
  6 jackals
  2 quokkas
  4 ball pythons
  A frilled lizard (D:2)
  9 kobolds
  4 rats
166 creatures vanquished.

Notes
Turn   | Place    | Note
-------+----------+-------------------------------------------
     0 | D:1      | Gorgor the Minotaur Fighter began the quest for the Orb.
     0 | D:1      | Reached XP level 1. HP: 19/19 MP: 0/0
    98 | D:1      | Reached XP level 2. HP: 27/27 MP: 1/1
   201 | D:1      | You fall into a shaft and drop 1 floor!
   270 | D:2      | Reached skill level 4 in Armour
   456 | D:2      | Identified the +0 helmet "Xis Qouk" {rPois rF+ rC+ Stlth-}
   530 | D:1      | Reached XP level 3. HP: 33/33 MP: 2/2
  1554 | D:3      | Found a runed translucent door.
  1554 | D:3      | Noticed Flippered's ghost (amateur DESu)
  1710 | D:3      | Reached XP level 4. HP: 39/40 MP: 3/3
  1866 | D:3      | Found a shadowy altar of Dithmenos.
  1866 | D:3      | Found a glowing golden altar of the Shining One.
  1866 | D:3      | Found an ornate altar of the Wu Jian Council.
  1866 | D:3      | Found a white marble altar of Elyvilon.
  1866 | D:3      | Found an iron altar of Okawaru.
  1866 | D:3      | Found a shimmering blue altar of Sif Muna.
  2006 | D:3      | Found a faded altar of an unknown god.
  2050 | D:3      | Reached XP level 5. HP: 47/47 MP: 4/4
  2061 | D:3      | Found a sparkling altar of Nemelex Xobeh.
  2069 | D:3      | Found an ancient bone altar of Kikubaaqudgha.
  2072 | D:3      | Found a stormy altar of Qazlal.
  2319 | D:3      | Found a snail-covered altar of Cheibriados.
  2535 | D:3      | Killed Flippered's ghost
  2536 | D:3      | Reached skill level 5 in Fighting
  2536 | D:3      | Reached skill level 5 in Armour
  2536 | D:3      | Reached skill level 5 in Shields
  2536 | D:3      | Reached XP level 6. HP: 56/56 MP: 5/5
  3272 | D:4      | Found a glowing silver altar of Zin.
  3356 | D:4      | Reached skill level 5 in Axes
  3369 | D:4      | Reached XP level 7. HP: 62/62 MP: 6/6
  3569 | D:5      | Entered Level 5 of the Dungeon
  3589 | D:5      | Reached skill level 6 in Armour
  4781 | D:6      | Reached XP level 8. HP: 41/71 MP: 7/7
  5162 | D:6      | Reached skill level 7 in Armour
  5277 | D:6      | Found a shimmering blue altar of Sif Muna.
  5564 | D:6      | Noticed Duvessa
  5564 | D:6      | Noticed Dowan
  5571 | D:6      | Killed Duvessa
  5580 | D:6      | Killed Dowan
  5820 | D:6      | Identified the +8 flail of Ynag {vamp, Will+}
  6036 | D:7      | Reached skill level 8 in Armour
  6039 | D:7      | Reached XP level 9. HP: 40/81 MP: 8/8
  6586 | D:7      | Reached skill level 9 in Armour
  6590 | D:7      | Identified the +8 hand axe of Vibufunurr {spect, +Blink Fly
                  | Stlth+}
  6601 | D:7      | Slain by a +8 hand axe of Vibufunurr {spect, +Blink Fly
                  | Stlth+}

Illustrated notes

Levels and vault maps discovered:
D:1:      mrwooster_arrival_statue_2, layout_rooms
D:2:      minmay_roachtagon, layout_basic, serial_rivers,
          chequers_serial_rivers_marsh, chequers_serial_rivers_room_a,
          chequers_serial_rivers_micro_b, chequers_serial_rivers_small_a,
          chequers_serial_rivers_micro_d
D:3:      cheibrodos_fertilizer, layout_loops_ring, lemuel_tele_altar,
          minitemple, hellmonk_ghost_happy_afterlife,
          shapermc_ecumenical_altar_rom_forum
D:4:      layout_loops_ring, zin_scriptorium
D:5:      cheibrodos_two_vegetables, layout_gridville
D:6:      layout_basic, mainiacjoe_overflow_alcove_2, uniq_duvessa
D:7:      cheibrodos_fzero, layout_rooms, minmay_temple_entry_from_below_b,
          uniq_maurice

Skill      XL: |  1  2  3  4  5  6  7  8  9 |
---------------+----------------------------+-----
Armour         | 4 5 6 8 9 |  9.0
Fighting       | 4 5 6 7 8 |  8.8
Axes           | 3 4 5 6 7 8 |  8.4
Shields        | 4 5 6 7 8 |  8.8

Action                     |  1- 3 |  4- 6 |  7- 9 || total
---------------------------+-------+-------+-------++-------
  Melee: War axe           |    92 |   129 |   118 ||   339
         Headbutt          |    12 |    16 |    34 ||    62
         Flail             |       |       |    76 ||    76
    Use: Scroll            |       |    14 |       ||    14
 Armour: Scale mail        |    37 |       |       ||    37
         Chain mail        |    31 |   111 |   150 ||   292
         Plate armour      |       |       |    63 ||    63
  Dodge: Dodged            |    58 |    42 |    93 ||   193
  Block: Buckler           |    23 |    39 |    68 ||   130

Table legend: (Time is in decaauts)
 A = Elapsed time spent in this place.
 B = Non-inter-level travel time spent in this place.
 C = Inter-level travel time spent in this place.
 D = Time resting spent in this place.
 E = Time spent auto-exploring this place.
 F = Levels seen in this place.
 G = Mean time per level.
                   A        B        C        D        E       F      G
               +--------+--------+--------+--------+--------+-----+--------+
         Total |   6759 |   6238 |    521 |      0 |   4992 |   7 |  965.6 |
       Dungeon |   6759 |   6238 |    521 |      0 |   4992 |   7 |  965.6 |
               +--------+--------+--------+--------+--------+-----+--------+

Top non-repeatable levels by time:
     D:6: 1390 daAuts
     D:5: 1248 daAuts
     D:2: 1096 daAuts
     D:3: 1075 daAuts
     D:4: 986 daAuts
     D:1: 493 daAuts
     D:7: 469 daAuts
